 Dungeon Crawl Stone Soup version 0.30.1-9-gdf580d7c3d (webtiles) character file.

Game seed: 15107438780091873134

8218 lonewolfV2 the Spear-Bearer (level 11, -7/87 HPs)
             Began as a Formicid Fighter on Oct 11, 2023.
             Was an Initiate of Gozag.
             Mangled by a gnoll
             ... wielding a +0 flail
             ... led by a gnoll bouda
              (9 damage)
             ... on level 10 of the Dungeon.
             The game lasted 00:14:46 (13296 turns).

lonewolfV2 the Spear-Bearer (Formicid Fighter)     Turns: 13296, Time: 00:14:47

Health: -7/87      AC:  5    Str: 29    XL:     11   Next: 51%
Magic:  11/11      EV: 14    Int: 14    God:    Gozag
Gold:   690        SH:  7    Dex: 17    Spells: 10/10 levels left

rFire   . . .        s - +2 scythe (venom)
rCold   + . .        c - +1 buckler
rNeg    . . .        k - +2 leather armour of the Candlemaker {rC+ Str+2}
rPois   .            (helmet unavailable)
rElec   .            (no cloak)
rCorr   .            (no gloves)
SInv    +            (no boots)
Will    +....        p - amulet of magic regeneration
Stlth   +++          g - +6 ring of intelligence
HPRegen 0.34/turn    l - +6 ring of strength
MPRegen 0.52/turn

%: no passive effects
@: lethally poisoned (-7 -> -10), gold aura
A: permanent stasis, dig shafts and tunnels, antennae 3, four strong arms
a: Dig, Shaft Self, Renounce Religion, Potion Petition, Call Merchant, Bribe
Branch


You were on level 10 of the Dungeon.
You worshipped Gozag.
Gozag was pleased with you.
You visited 2 branches of the dungeon, and saw 13 of its levels.

You collected 836 gold pieces.
You paid 146 gold pieces to Gozag.

Inventory:

Hand Weapons
 a - a +1 war axe
 s - a +2 scythe of venom (weapon)
Armour
 b - a +0 scale mail
 c - a +1 buckler (worn)
 k - the +2 leather armour of the Candlemaker (worn) {rC+ Str+2}
   (You found it on level 4 of the Dungeon)

   Str:       It affects your strength (+2).
   rC:        It protects you from cold.
Jewellery
 g - a +6 ring of intelligence (left hand)
 h - a ring of magical power
 l - a +6 ring of strength (right hand)
 p - an amulet of magic regeneration (around neck)
 A - an amulet of guardian spirit
 C - a +5 ring of evasion
Wands
 x - a wand of quicksilver (8)
 y - a wand of iceblast (10)
 E - a wand of flame (10)
Scrolls
 f - 2 scrolls of magic mapping
 o - a scroll of noise
 q - a scroll of identify
 B - a scroll of fog
 G - a scroll of enchant weapon
Potions
 d - a potion of might
 i - a potion of lignification
 n - a potion of attraction
 r - 2 potions of berserk rage
 t - a potion of mutation
 u - a potion of flight
 z - a potion of degeneration
 F - 2 potions of haste {unknown}


   Skills:
 + Level 8.6 Fighting
 + Level 8.2(10.0) Axes
 + Level 8.8(10.3) Polearms
 + Level 6.2 Armour
 + Level 5.3 Dodging
 + Level 4.9 Stealth
 + Level 8.0 Shields


You had 10 spell levels left.
You didn't know any spells.
Your spell library contained the following spells:

 Spells                   Type           Power      Damage    Failure   Level
 Static Discharge         Conj/Air       0%         2-2/arc   50%         2
 Dazzling Flash           Conj/Hex       0%         N/A       73%         3
 Sticky Flame             Conj/Fire      0%         2d3       98%         4
 Borgnjor's Vile Clutch   Necr/Erth      0%         N/A       100%        5
 Death Channel            Necr           0%         N/A       100%        6
 Animate Dead             Necr           Unusable   N/A       N/A         4

Dungeon Overview and Level Annotations

Branches:
Dungeon (12/15)            Temple (1/1) D:6            Lair (0/5) D:11
    Orc (0/2) D:11

Altars:
Ashenzari
Cheibriados
Elyvilon
Fedhas
Gozag
Hepliaklqana
Makhleb
Nemelex Xobeh
Okawaru
Ru
Sif Muna
Trog
Uskayaw
Vehumet
Xom
Yredelemnul
Zin
The Shining One

Shops:
D:6 *   D:9 :

Annotations:
D:5 2 transporters, Nedac819's ghost, weakling DgDe


Innate Abilities, Weirdness & Mutations

You cannot be hasted, slowed, berserked, paralysed or teleported.
You can dig through walls and to a lower floor.
You have a pair of large antennae on your head. (SInv)
Your four strong arms can wield two-handed weapons with a shield.


Message History

You miss the killer bee.
The killer bee is heavily wounded.
The gnoll is no longer distracted by gold.
The killer bee closely misses you. The gnoll barely misses you.
The killer bee stings you.
You barely miss the killer bee.
The killer bee is almost dead.
You kill the killer bee!
The gnoll bouda hits you with a +0 club.
You block the gnoll's attack.
You puncture the gnoll bouda!
The gnoll bouda looks as sick as possible!
The gnoll bouda is heavily wounded.
The gnoll bouda barely misses you. The gnoll barely misses you.
You block the gnoll's attack.
You puncture the gnoll bouda!
You kill the gnoll bouda!
The gnoll hits you with a +2 spear of venom.
You are poisoned.
You block the gnoll's attack.
You puncture the gnoll!
You kill the gnoll!
You feel very sick. The gnoll hits you with a +0 flail!
* * * LOW HITPOINT WARNING * * *
The gnoll hits you with a +0 flail!
* * * LOW HITPOINT WARNING * * *
You feel sick. The gnoll hits you with a +0 flail!
* * * LOW HITPOINT WARNING * * *
Things that are here:
7 gold pieces; a +0 club; a +0 robe You barely miss the gnoll.
* * * LOW HITPOINT WARNING * * *
You feel sick. The gnoll closely misses you.
You hit the gnoll.
The gnoll is poisoned.
The gnoll is moderately wounded.
* * * LOW HITPOINT WARNING * * *
You feel sick. The gnoll hits you with a +0 flail!
You die...
Your body crumbles into a pile of gold.

.................#
......... ...g..#
........# #g..#
........# #..$#
........# #...#
[.......# #...#
........######...#
#.g$.......#
#.@.$......#
#..##'###......{
#..#....#.......
#..#....#.......
#..#....#.......
#..#....#.......
...#....#.......
...#....# #....#


You could see a gnoll (poisoned).

Vanquished Creatures
  Erica (D:9)
  A two-headed ogre (D:10)
  Pikel (D:6)
  An ugly thing (D:12)
  A manticore (D:11)
  Joseph (D:7)
  A troll (D:11)
  Sigmund (D:6)
  A wraith (D:12)
  10 yaks
  2 wyverns (D:9)
  Edmund (D:6)
  A water moccasin (D:9)
  Duvessa (D:4)
  5 ice beasts
  A sky beast (D:7)
  An orc warrior (D:8)
  An ogre (D:7)
  A centaur (D:8)
  2 lemures (D:6)
  Blork the orc (D:5)
  2 kobold brigands
  A bullfrog (D:6)
  3 scorpions
  Dowan (D:4)
  6 wights
  3 killer bees (D:10)
  The ghost of Ooooooops the Trooper, a weakling HOFi (D:3)
  4 hounds
  5 jellies
  A gnoll bouda (D:10)
  6 orc priests
  3 sleepcaps
  5 iguanas
  6 orc wizards
  Robin (D:3)
  6 gnolls
  9 adders
  An ufetubus (D:7)
  A worm (D:4)
  A dart slug (D:4)
  27 orcs
  3 endoplasms
  3 giant cockroaches
  14 goblins
  6 hobgoblins
  5 quokkas
  14 ball pythons
  3 bats
  6 frilled lizards
  11 kobolds
  7 rats
201 creatures vanquished.

Vanquished Creatures (others)
  5 dream sheep (D:5)
5 creatures vanquished.

Grand Total: 206 creatures vanquished

Notes
Turn   | Place    | Note
-------+----------+-------------------------------------------
     0 | D:1      | lonewolfV2 the Formicid Fighter began the quest for the
                  | Orb.
     0 | D:1      | Reached XP level 1. HP: 18/18 MP: 1/1
   170 | D:1      | Reached XP level 2. HP: 24/24 MP: 2/2
   565 | D:2      | Reached XP level 3. HP: 30/30 MP: 3/3
   909 | D:2      | Reached skill level 1 in Stealth
   909 | D:2      | Reached XP level 4. HP: 33/37 MP: 4/4
  1318 | D:3      | Noticed Robin
  1321 | D:3      | Reached XP level 5. HP: 41/42 MP: 5/5
  1323 | D:3      | Reached skill level 1 in Dodging
  1342 | D:3      | Killed Robin
  1956 | D:3      | Found a bloodstained altar of Trog.
  1960 | D:3      | Found a blossoming altar of Fedhas.
  1965 | D:3      | Found a sparkling altar of Nemelex Xobeh.
  2093 | D:3      | Found a runed translucent door.
  2093 | D:3      | Noticed Ooooooops's ghost (weakling HOFi)
  2727 | D:3      | Killed Ooooooops's ghost
  2728 | D:3      | Reached XP level 6. HP: 28/48 MP: 6/6
  3149 | D:4      | Found a hazy altar of Hepliaklqana.
  3164 | D:4      | Identified the +2 leather armour of the Candlemaker {rC+
                  | Str+2}
  3437 | D:4      | Noticed an ice beast
  3453 | D:4      | Killed an ice beast
  3777 | D:4      | Reached XP level 7. HP: 41/55 MP: 7/7
  3845 | D:4      | Reached skill level 5 in Shields
  4364 | D:4      | Noticed Duvessa
  4365 | D:4      | Noticed Dowan
  4374 | D:4      | Killed Duvessa
  4375 | D:4      | Reached skill level 5 in Axes
  4382 | D:4      | Killed Dowan
  4383 | D:4      | Reached skill level 5 in Fighting
  4558 | D:4      | Reached XP level 8. HP: 62/62 MP: 8/8
  4580 | D:5      | Entered Level 5 of the Dungeon
  4709 | D:5      | Noticed Blork the orc
  4716 | D:5      | Killed Blork the orc
  4717 | D:5      | Reached skill level 5 in Armour
  4819 | D:5      | Noticed a dream sheep
  4819 | D:5      | Noticed a dream sheep
  4819 | D:5      | Noticed a dream sheep
  4819 | D:5      | Noticed a dream sheep
  4819 | D:5      | Noticed a dream sheep
  4819 | D:5      | Found a shimmering altar of Xom.
  4823 | D:5      | Killed a dream sheep
  4823 | D:5      | Killed a dream sheep
  4823 | D:5      | Killed a dream sheep
  4824 | D:5      | Killed a dream sheep
  4824 | D:5      | Killed a dream sheep
  5092 | D:5      | Found a transporter.
  5094 | D:5      | Got the Book of Combat Magic
  5095 | D:5      | Found a transporter.
  5095 | D:5      | Noticed Nedac819's ghost (weakling DgDe)
  5772 | D:6      | Found Ynumothru's Assorted Antiques.
  5965 | D:6      | Noticed Edmund
  5980 | D:6      | Killed Edmund
  5981 | D:6      | Reached XP level 9. HP: 37/69 MP: 9/9
  6148 | D:6      | Noticed Sigmund
  6156 | D:6      | Killed Sigmund
  6157 | D:6      | Found a staircase to the Ecumenical Temple.
  6291 | Temple   | Entered the Ecumenical Temple
  6706 | D:6      | Noticed Pikel
  6718 | D:6      | Reached skill level 1 in Polearms
  6719 | D:6      | Killed Pikel
  6753 | D:6      | Found a hide-covered altar of Uskayaw.
  7189 | D:7      | Found a radiant altar of Vehumet.
  7189 | D:7      | Found a basalt altar of Yredelemnul.
  7801 | D:7      | Reached XP level 10. HP: 56/77 MP: 10/10
  8135 | D:7      | Noticed Joseph
  8151 | D:7      | Killed Joseph
  8152 | D:7      | Reached skill level 5 in Polearms
  9247 | D:8      | Found an opulent altar of Gozag.
  9537 | D:8      | Became a worshipper of Gozag Ym Sagoz the Greedy
 10079 | D:9      | Found Kitep's Vocational Training.
 10699 | D:9      | Found a white marble altar of Elyvilon.
 10757 | D:9      | Noticed Erica
 10766 | D:9      | Killed Erica
 11551 | D:10     | Entered Level 10 of the Dungeon
 11571 | D:10     | Reached XP level 11. HP: 73/83 MP: 11/11
 11647 | D:10     | Noticed a two-headed ogre
 11658 | D:10     | HP: 3/84 [killer bee (5)]
 11659 | D:10     | Killed a two-headed ogre
 11679 | D:10     | You fall into a shaft and drop 2 floors!
 12079 | D:12     | Noticed a manticore
 12080 | D:12     | Noticed a brown ugly thing
 12100 | D:12     | Killed a brown ugly thing
 12661 | D:11     | Found a staircase to the Orcish Mines.
 12661 | D:11     | Found a staircase to the Lair.
 12667 | D:11     | Reached skill level 5 in Dodging
 12721 | D:11     | Noticed a manticore
 12735 | D:11     | Killed a manticore
 13294 | D:10     | HP: 4/87 [gnoll/+0 flail[a gnoll bouda] (10)]
 13296 | D:10     | Mangled by a gnoll

Illustrated notes

Levels and vault maps discovered:
D:1:      dpeg_arrival_stone_temple_mockup, layout_rooms
D:2:      layout_basic, nicolae_half_adder
D:3:      layout_basic, grunt_temple_overflow_diamond, gammafunk_ghost_grave,
          chequers_serial_rivers_room_a, uniq_robin
D:4:      layout_rooms, mainiacjoe_overflow_surrounded_room,
          cheibrodos_gnoll_hut, uniq_duvessa
D:5:      layout_basic, kb_xom_exploding_sheep, gammafunk_ghost_mausoleum,
          kennysheep_generic_room_2, uniq_crazy_yiuf_cottage, uniq_blork_the_orc
D:6:      layout_rooms, nicolae_uskayaw_dance_studio, minmay_temple_entry_grid,
          serial_shops, shop, uniq_pikel, uniq_edmund, uniq_sigmund
D:7:      layout_gridville, nicolae_overflow_two_pavilions,
          minmay_misc_feat_roman, minmay_misc_feat_four_crosses, uniq_joseph
D:8:      layout_basic, lemuel_coloured_pillars_altar, serial_curves,
          eino_curves_03, eino_curves_02, minmay_strange_pillars
D:9:      layout_loops_corners, elyvilon_altar_1, nicolae_shop_vocational,
          uniq_erica
D:10:     layout_irregular_city, grunt_dithmenos_smoke, minitemple,
          uniq_erolcha, uniq_sonja
D:11:     layout_stronghold, lair_entry_dummy, orc_0_dummy,
          nicolae_shop_self_help
D:12:     layout_cross, serial_column_ruins, column_ruins_open_small_water,
          column_ruins_columns_corner, column_ruins_grid_4,
          column_ruins_columns_corner
Temple:   nicolae_temple_bog_church

Skill      XL: |  1  2  3  4  5  6  7  8  9 10 11 |
---------------+----------------------------------+-----
Stealth        | 1 2 3 4 |  4.9
Axes           | 3 4 5 7 8 |  8.2
Dodging        | 1 2 3 4 5 |  5.3
Fighting       | 4 5 6 7 8 |  8.6
Armour         | 4 5 6 |  6.2
Shields        | 5 6 7 8 |  8.0
Polearms       | 4 7 8 |  8.8

Action                     |  1- 3 |  4- 6 |  7- 9 | 10-12 || total
---------------------------+-------+-------+-------+-------++-------
  Melee: War axe           |    67 |   132 |   126 |       ||   325
         Halberd           |       |       |    78 |   200 ||   278
Ability: Dig               |       |       |       |     1 ||     1
         Shaft Self        |       |       |       |     1 ||     1
    Use: Scroll            |     4 |     6 |     6 |     7 ||    23
         Potion            |       |       |       |    13 ||    13
   Stab: Sleeping          |       |       |     2 |     3 ||     5
         Distracted        |       |       |       |     2 ||     2
         Invisible         |       |       |       |     1 ||     1
 Armour: Scale mail        |    48 |    50 |       |       ||    98
         Leather armour    |       |    12 |    47 |    39 ||    98
  Dodge: Dodged            |    54 |    65 |   113 |   153 ||   385
  Block: Buckler           |    31 |    41 |    72 |    86 ||   230
